Map: Ujari

Players

Loken

  • Race: Zerg Zerg
  • Spawn Location: 9:00

Myran

  • Race: Protoss Protoss
  • Spawn Location: 0:00

dallaskuken

  • Race: Protoss Protoss
  • League: Platinum
  • Spawn Location: 9:00

MaxiMoose

  • Race: Zerg Zerg
  • League: Diamond
  • Spawn Location: 3:00

Armagedon

  • Race: Zerg Zerg
  • League: Gold
  • Spawn Location: 3:00

Mikasa

  • Race: Protoss Protoss
  • League: Gold
  • Spawn Location: 0:00

VOD

Have the link to the VOD?

Description

Time

  • Played on: March 10, 2017, 1:46 p.m.
  • Length: 12:51
Show
View Real Time Build Order
Export as new Build Order

Loken Zerg 

Build Orders: Hatch First 

Get SALT Encoding   

  12  0:01  Drone  
  13  0:11  Drone  
  14  0:19  Overlord  
  14  0:39  Drone x2  
  14  0:40  Drone  
  17  1:09  Hatchery  
  16  1:12  Spawning Pool  
  16  1:14  Drone  
  16  1:18  Drone  
  17  1:22  Extractor  
  16  1:30  Drone  
  16  1:31  Drone  
  18  1:43  Extractor  
  18  1:44  Drone  
  18  1:58  Queen  
  20  2:03  Overlord x2  
  20  2:16  Spine Crawler  
  20  2:18  Zergling x2  
  20  2:32  Drone  
  20  2:33  Drone  
  22  2:37  Queen  
  24  3:09  Drone x6  
  30  3:15  Extractor  
  30  3:17  Extractor  
  27  3:28  Lair  
  27  3:43  Zergling x2  
  27  3:44  Zergling x10  
  33  3:54  Zergling x10  
  33  3:55  Zergling x2  
  39  4:28  Spire  
  38  4:32  Drone x6  
  38  4:37  Overlord  
  38  4:38  Overlord  
  44  5:09  Drone  
  44  5:10  Drone x10  
  55  5:35  Overlord x3  
  55  5:37  Overlord  
  55  6:08  Mutalisk x10  
  75  6:21  Drone  
  75  6:22  Drone x2  
  78  6:29  Metabolic Boost  
  78  6:35  Infestation Pit  
  75  7:22  Mutalisk x5  
  77  7:23  Mutalisk  
  87  7:31  Hatchery  
  87  7:35  Hatchery, Hive  
  85  7:39  Zergling x2  
  85  7:40  Zergling x12  
  92  8:03  Hatchery  
  91  8:10  Hatchery  
  90  8:18  Queen  
  92  8:31  Overlord x2  
  92  8:32  Overlord x5  
  92  8:37  Zerg Flyer Weapons Level 1  
  92  8:48  Adrenal Glands  
  92  8:54  Queen  
  94  9:30  Drone  
  94  9:31  Drone x13  
  103  9:32  Drone x5  
  113  10:17  Mutalisk  
  113  10:18  Mutalisk x13  
  141  10:24  Pneumatized Carapace  
  141  10:35  Zerg Flyer Armor Level 1  
  141  10:42  Extractor  
  140  10:44  Extractor  
Show
View Real Time Build Order
Export as new Build Order

Myran Protoss 

Build Orders:  

Get SALT Encoding   

  12  0:02  Probe (Chrono Boost)  
  13  0:13  Probe (Chrono Boost)  
  14  0:25  Probe (Chrono Boost)  
  15  0:33  Pylon  
  15  0:51  Probe (Chrono Boost)  
  16  1:02  Probe (Chrono Boost)  
  17  1:08  Gateway  
  17  1:17  Pylon  
  17  1:19  Probe (Chrono Boost)  
  17  1:20  Assimilator  
  18  1:29  Probe (Chrono Boost)  
  19  1:40  Probe (Chrono Boost)  
  20  1:50  Probe (Chrono Boost)  
  21  1:56  Nexus  
  21  2:00  Cybernetics Core  
  21  2:01  Zealot  
  21  2:06  Pylon  
  23  2:11  Probe (Chrono Boost)  
  24  2:15  Assimilator  
  24  2:21  Probe (Chrono Boost)  
  25  2:28  Zealot  
  27  2:32  Probe (Chrono Boost)  
  28  2:41  Forge  
  28  2:55  Stalker  
  28  2:57  Probe (Chrono Boost)  
  31  3:09  Probe (Chrono Boost)  
  32  3:14  Pylon  
  32  3:17  Probe (Chrono Boost)  
  32  3:19  Probe (Chrono Boost)  
  34  3:22  Warp Gate  
  34  3:25  Stalker  
  36  3:30  Probe (Chrono Boost)  
  37  3:34  Photon Cannon  
  37  3:37  Pylon  
  37  3:40  Probe (Chrono Boost)  
  38  3:44  Gateway  
  38  3:48  Pylon  
  38  3:55  Zealot  
  40  3:57  Probe (Chrono Boost)  
  41  4:06  Probe (Chrono Boost)  
  41  4:08  Probe (Chrono Boost)  
  43  4:11  Protoss Ground Weapons Level 1  
  43  4:16  Probe (Chrono Boost)  
  44  4:18  Probe (Chrono Boost)  
  44  4:22  Zealot  
  47  4:27  Probe (Chrono Boost)  
  47  4:28  Photon Cannon  
  48  4:37  Probe (Chrono Boost)  
  49  4:42  Zealot  
  51  4:48  Probe (Chrono Boost)  
  51  4:50  Gateway  
  52  4:59  Assimilator  
  52  5:03  Assimilator, Probe (Chrono Boost)  
  52  5:05  Pylon  
  53  5:13  Probe (Chrono Boost)  
  54  5:24  Probe (Chrono Boost)  
  55  5:29  Twilight Council  
  55  5:35  Probe (Chrono Boost)  
  56  5:36  Photon Cannon  
  56  5:45  Probe (Chrono Boost)  
  56  5:46  Pylon  
  57  5:50  Pylon  
  57  5:51  Stalker x2  
  57  5:54  Pylon  
  61  5:59  Probe (Chrono Boost)  
  62  6:05  Protoss Ground Weapons Level 2  
  62  6:12  Charge  
  62  6:32  Stalker x2  
  66  6:33  Zealot  
  68  6:41  Robotics Facility  
  69  7:30  Observer  
  69  7:37  Nexus  
  69  7:40  Pylon  
  69  7:42  Pylon  
  69  7:45  Stalker x2, Assimilator, Blink  
  69  7:46  Stalker  
  69  7:51  Assimilator, Immortal  
  79  8:06  Protoss Shields Level 1  
  79  8:15  Photon Cannon  
  79  8:17  Photon Cannon  
  79  8:19  Gateway  
  79  8:23  Gateway  
  79  8:25  Pylon  
  79  8:27  Pylon, Immortal  
  83  8:58  Probe (Chrono Boost)  
  83  9:02  Immortal  
  84  9:03  Stalker  
  84  9:04  Stalker, Zealot  
  84  9:08  Probe (Chrono Boost)  
  95  9:19  Probe (Chrono Boost)  
  96  9:29  Probe (Chrono Boost)  
  97  9:36  Zealot  
  97  9:37  Zealot x3  
  105  9:38  Observer, Zealot  
  105  9:40  Probe (Chrono Boost)  
  109  9:49  Pylon  
  109  9:51  Probe (Chrono Boost)  
  110  10:08  Robotics Bay  
  110  10:13  Immortal  
  114  10:26  Robotics Facility  
  114  10:36  Zealot x3  
  114  10:37  Zealot x2  
  124  10:46  Probe (Chrono Boost)  
  124  10:47  Immortal  
  125  10:56  Probe (Chrono Boost)  
  130  11:06  Stalker x4  
  130  11:07  Probe (Chrono Boost)  
  130  11:09  Zealot  
  141  11:17  Probe (Chrono Boost)  
  118  11:28  Probe (Chrono Boost)  
  101  11:35  Zealot x2  
  101  11:36  Zealot x3  
  81  11:58  Zealot x2  
  81  11:59  Zealot x2  
  74  12:21  Zealot x3  
  74  12:22  Zealot  
Show
View Real Time Build Order
Export as new Build Order

dallaskuken Protoss 

Build Orders:  

Get SALT Encoding   

  12  0:01  Probe (Chrono Boost)  
  13  0:12  Probe (Chrono Boost)  
  14  0:22  Probe (Chrono Boost)  
  14  0:26  Pylon  
  15  0:44  Probe (Chrono Boost)  
  16  0:53  Gateway  
  16  0:55  Probe (Chrono Boost)  
  17  1:05  Probe (Chrono Boost)  
  18  1:13  Assimilator  
  18  1:16  Probe (Chrono Boost)  
  19  1:26  Probe (Chrono Boost)  
  20  1:37  Probe (Chrono Boost)  
  21  1:41  Zealot  
  21  1:42  Cybernetics Core  
  21  1:45  Pylon  
  23  2:04  Probe (Chrono Boost)  
  23  2:08  Zealot  
  26  2:21  Probe (Chrono Boost)  
  27  2:27  Nexus  
  27  2:32  Probe (Chrono Boost)  
  28  2:38  Stalker  
  30  2:51  Assimilator  
  30  3:04  Stargate  
  30  3:08  Pylon  
  30  3:11  Pylon  
  30  3:23  Stalker, Probe (Chrono Boost)  
  34  3:35  Warp Gate, Probe (Chrono Boost)  
  34  3:51  Probe (Chrono Boost)  
  35  4:02  Probe (Chrono Boost)  
  36  4:08  Void Ray  
  40  4:12  Probe (Chrono Boost)  
  41  4:18  Assimilator  
  41  4:21  Stalker  
  41  4:22  Assimilator  
  41  4:23  Probe (Chrono Boost)  
  42  4:26  Pylon  
  44  4:33  Probe (Chrono Boost)  
  44  4:38  Probe (Chrono Boost)  
  46  4:44  Probe (Chrono Boost)  
  47  4:48  Pylon  
  47  4:49  Pylon  
  47  4:50  Pylon, Probe (Chrono Boost)  
  48  4:54  Probe (Chrono Boost)  
  49  5:00  Void Ray  
  49  5:02  Probe (Chrono Boost)  
  54  5:15  Stargate  
  54  5:24  Stargate  
  55  5:43  Probe (Chrono Boost)  
  55  5:53  Probe (Chrono Boost)  
  55  5:56  Fleet Beacon  
  56  6:04  Probe (Chrono Boost)  
  57  6:05  Void Ray x2  
  57  6:09  Stalker  
  67  6:14  Probe (Chrono Boost)  
  68  6:21  Void Ray  
  68  6:25  Probe (Chrono Boost)  
  73  6:35  Probe (Chrono Boost), Protoss Air Weapons Level 1  
  73  6:36  Pylon  
  73  6:37  Pylon  
  74  6:40  Pylon  
  74  6:42  Pylon  
  74  6:46  Probe (Chrono Boost)  
  75  6:49  Nexus  
  75  6:57  Probe (Chrono Boost)  
  77  7:09  Probe (Chrono Boost)  
  77  7:13  Graviton Catapult  
  77  7:22  Robotics Facility  
  77  7:28  Carrier  
  83  7:33  Void Ray  
  83  7:34  Assimilator  
  83  7:38  Assimilator  
  87  7:51  Pylon  
  87  7:53  Pylon  
  87  8:01  Probe (Chrono Boost)  
  88  8:12  Probe (Chrono Boost)  
  89  8:18  Carrier  
  89  8:22  Probe (Chrono Boost)  
  89  8:24  Observer  
  97  8:33  Probe (Chrono Boost)  
  98  8:43  Carrier, Probe (Chrono Boost)  
  105  8:53  Carrier  
  111  9:01  Protoss Air Weapons Level 2  
  111  9:02  Probe (Chrono Boost)  
  112  9:13  Probe (Chrono Boost)  
  113  9:23  Probe (Chrono Boost)  
  114  9:44  Carrier  
  120  9:58  Carrier  
  120  10:08  Carrier  
  120  10:10  Pylon  
  120  10:11  Pylon  
  120  10:13  Pylon  
  126  10:17  Pylon  
  126  10:20  Pylon  
Show
View Real Time Build Order
Export as new Build Order

MaxiMoose Zerg 

Build Orders: Hatch First 

Get SALT Encoding   

  12  0:01  Drone  
  13  0:12  Overlord  
  13  0:18  Drone  
  14  0:31  Drone x2  
  14  0:34  Drone  
  17  0:55  Hatchery  
  16  0:57  Drone  
  16  1:00  Drone  
  18  1:11  Extractor  
  18  1:15  Spawning Pool  
  18  1:18  Drone  
  17  1:21  Drone  
  18  1:29  Drone  
  19  1:39  Overlord  
  19  1:49  Drone  
  20  2:01  Drone  
  20  2:07  Drone  
  22  2:08  Queen x2  
  26  2:15  Metabolic Boost  
  26  2:18  Zergling x2  
  26  2:20  Zergling x2  
  28  2:26  Drone, Extractor  
  28  2:30  Drone  
  29  2:48  Zergling x4  
  29  2:49  Zergling x2  
  32  2:56  Drone x2  
  34  3:04  Drone  
  35  3:10  Drone  
  36  3:14  Roach Warren  
  36  3:18  Overlord  
  35  3:28  Drone  
  35  3:29  Overlord x2  
  35  3:30  Overlord  
  36  3:38  Hatchery  
  35  3:46  Queen  
  37  3:53  Lair  
  37  3:57  Drone  
  37  3:59  Drone  
  39  4:07  Drone  
  39  4:08  Drone x2  
  43  4:10  Drone  
  43  4:27  Roach  
  43  4:28  Roach x4  
  43  4:29  Drone  
  55  4:31  Drone  
  55  4:44  Evolution Chamber x2  
  53  4:47  Drone  
  53  4:49  Drone  
  55  4:53  Glial Reconstitution  
  55  4:55  Drone x3  
  55  4:58  Ravager x3  
  55  4:59  Ravager  
  62  5:07  Drone  
  62  5:08  Drone x5  
  68  5:22  Extractor  
  68  5:23  Roach x3  
  68  5:24  Extractor, Overlord  
  68  5:26  Overlord  
  72  5:29  Ravager  
  72  5:34  Zerg Missile Weapons Level 1  
  73  5:37  Drone  
  73  5:41  Overlord  
  74  5:51  Drone x3  
  74  5:52  Drone  
  74  5:54  Drone x3  
  81  6:02  Hydralisk Den, Zerg Ground Armor Level 1  
  80  6:09  Drone x2  
  82  6:16  Extractor  
  82  6:17  Extractor  
  80  6:24  Hatchery  
  79  6:32  Infestation Pit  
  78  6:33  Muscular Augments  
  78  6:42  Drone x3  
  78  6:43  Drone x6  
  87  6:50  Hydralisk x4  
  95  6:55  Pneumatized Carapace  
  95  7:01  Overlord  
  95  7:08  Overlord  
  95  7:28  Zerg Missile Weapons Level 2  
  95  7:35  Hydralisk  
  95  7:36  Hydralisk x6  
  109  7:37  Overlord  
  109  7:40  Hatchery  
  108  7:53  Hive  
  108  7:54  Overseer x2  
  108  7:58  Hydralisk x3  
  108  8:00  Overlord x2  
  114  8:08  Zerg Ground Armor Level 2  
  114  8:11  Drone x2  
  114  8:12  Drone  
  117  8:17  Drone x3  
  120  8:38  Hydralisk x6  
  120  8:39  Hydralisk  
  120  8:40  Overlord  
  134  8:41  Overlord  
  134  8:50  Drone x2  
  136  8:59  Extractor  
  135  9:03  Extractor  
  135  9:04  Viper  
  135  9:05  Viper x2  
  135  9:07  Zergling x10  
  148  9:10  Drone x4  
  146  9:24  Drone  
  146  9:25  Drone x5  
  152  9:36  Hydralisk  
  152  9:37  Hydralisk x2  
  152  9:38  Overlord x3  
  158  9:47  Zerg Missile Weapons Level 3  
  158  9:55  Overlord x3  
  158  9:56  Hatchery  
  157  10:10  Overlord  
  157  10:11  Overlord x3  
  157  10:21  Hydralisk  
  157  10:22  Hydralisk x7  
  133  11:44  Hydralisk x2  
  133  11:45  Hydralisk x11  
  133  11:46  Hydralisk x9  
  173  11:58  Hydralisk  
  173  11:59  Hydralisk x5  
Show
View Real Time Build Order
Export as new Build Order

Armagedon Zerg 

Build Orders: Hatch First 

Get SALT Encoding   

  12  0:01  Drone  
  13  0:14  Overlord  
  13  0:19  Drone  
  14  0:32  Drone x2  
  16  0:39  Drone  
  17  0:58  Hatchery  
  17  0:59  Drone  
  17  1:02  Extractor  
  16  1:05  Drone  
  17  1:23  Spawning Pool  
  17  1:24  Drone  
  17  1:33  Drone  
  17  1:34  Drone  
  19  1:56  Drone, Extractor  
  19  2:10  Queen  
  19  2:11  Queen  
  19  2:12  Overlord  
  19  2:14  Drone  
  24  2:27  Zergling x4  
  24  2:28  Zergling x2  
  27  2:36  Drone x2  
  29  2:41  Zergling x2  
  30  2:47  Lair  
  31  2:58  Zergling x2  
  31  3:00  Drone x2  
  33  3:08  Zergling x2  
  34  3:16  Roach Warren  
  34  3:19  Drone  
  34  3:20  Drone x2  
  36  3:27  Overlord x2  
  36  4:00  Hatchery  
  36  4:01  Glial Reconstitution  
  35  4:04  Roach x3  
  35  4:07  Drone x2  
  43  4:11  Drone  
  43  4:13  Drone  
  45  4:22  Drone, Evolution Chamber  
  45  4:23  Drone  
  46  4:34  Drone  
  47  4:40  Drone x5  
  52  4:45  Extractor  
  51  4:57  Hatchery  
  50  5:03  Drone x2  
  50  5:05  Overlord  
  52  5:07  Overlord  
  52  5:15  Zerg Missile Weapons Level 1  
  52  5:20  Drone  
  52  5:21  Evolution Chamber  
  52  5:27  Drone  
  52  5:28  Drone x2, Hydralisk Den  
  54  5:30  Drone  
  54  5:33  Drone x2  
  54  5:34  Drone  
  58  5:37  Drone  
  58  5:40  Drone  
  58  5:42  Drone x2  
  62  5:44  Drone  
  63  5:52  Drone  
  63  5:55  Drone  
  65  5:58  Drone x2  
  65  6:03  Extractor  
  66  6:06  Drone, Extractor  
  66  6:13  Drone x2  
  66  6:15  Drone x2  
  70  6:20  Extractor  
  70  6:23  Drone x2  
  71  6:26  Drone  
  71  6:27  Drone x2  
  71  6:28  Drone x2  
  76  6:35  Queen  
  76  6:37  Drone  
  79  6:40  Muscular Augments  
  79  6:44  Drone  
  80  6:47  Overlord  
  80  6:48  Overlord  
  80  6:49  Overlord  
  80  6:55  Overlord x3  
  80  6:56  Overlord  
  80  7:09  Drone  
  81  7:17  Hydralisk  
  81  7:21  Hydralisk x3  
  81  7:22  Hydralisk  
  91  7:23  Hydralisk x2  
  91  7:24  Hydralisk  
  91  7:27  Zerg Missile Weapons Level 2  
  97  7:34  Zerg Ground Armor Level 1  
  97  7:36  Drone x3  
  100  7:39  Overlord  
  100  7:46  Hydralisk x2  
  100  7:47  Hydralisk x5  
  100  7:49  Hydralisk  
  116  7:57  Hydralisk  
  118  7:59  Hydralisk x3  
  118  8:00  Hydralisk  
  126  8:08  Drone  
  127  8:14  Drone x3  
  127  8:18  Drone x2  
  132  8:26  Hydralisk x5  
  140  8:27  Hydralisk  
  140  8:32  Overlord x3  
  144  8:34  Overlord x2  
  144  8:35  Overlord  
  144  8:41  Extractor, Overlord x2  
  143  8:52  Hydralisk x2  
  143  8:53  Hydralisk  
  149  8:55  Hydralisk  
  149  8:58  Hydralisk x3  
  149  8:59  Hydralisk  
  149  9:00  Hydralisk  
  161  9:10  Hydralisk  
  161  9:12  Hydralisk  
  161  9:13  Hydralisk  
  161  9:15  Hydralisk  
  169  9:27  Hydralisk  
  169  9:28  Hydralisk x2  
  169  9:29  Hydralisk  
  169  9:30  Hydralisk x2  
  181  9:32  Hydralisk  
  183  9:40  Hydralisk  
  183  9:41  Hydralisk x2  
  183  9:45  Zerg Ground Armor Level 2  
  189  9:50  Infestation Pit  
  189  9:51  Hydralisk  
  189  9:52  Hydralisk  
  192  9:54  Hydralisk x3  
  192  9:56  Hydralisk  
  200  11:15  Hydralisk x3  
  200  11:17  Hydralisk x2  
  198  11:18  Hydralisk  
  198  11:19  Hydralisk  
  178  11:38  Hydralisk x4  
  178  11:39  Hydralisk x5  
  185  11:53  Hydralisk x2  
  184  11:54  Hydralisk  
  184  11:56  Hydralisk  
  184  11:57  Hydralisk x3  
Show
View Real Time Build Order
Export as new Build Order

Mikasa Protoss 

Build Orders: Nexus First 

Get SALT Encoding   

  12  0:01  Probe (Chrono Boost)  
  13  0:11  Probe (Chrono Boost)  
  14  0:18  Pylon  
  14  0:23  Probe (Chrono Boost)  
  15  0:36  Probe (Chrono Boost)  
  16  1:00  Nexus  
  16  1:07  Assimilator  
  16  1:16  Gateway  
  16  1:25  Probe (Chrono Boost)  
  17  1:28  Assimilator  
  17  1:36  Probe (Chrono Boost)  
  17  1:39  Assimilator  
  18  1:46  Probe (Chrono Boost)  
  19  1:57  Probe (Chrono Boost)  
  20  2:02  Zealot  
  22  2:09  Cybernetics Core  
  22  2:17  Probe x2 (Chrono Boost)  
  24  2:28  Probe (Chrono Boost)  
  24  2:29  Probe (Chrono Boost)  
  26  2:32  Warp Gate  
  26  2:38  Probe (Chrono Boost)  
  27  2:46  Twilight Council  
  27  2:49  Adept, Probe (Chrono Boost)  
  30  2:56  Probe (Chrono Boost)  
  31  2:59  Probe (Chrono Boost)  
  32  3:08  Probe (Chrono Boost)  
  32  3:10  Probe (Chrono Boost)  
  32  3:12  Resonating Glaives  
  34  3:16  Adept, Pylon  
  37  3:20  Probe (Chrono Boost)  
  37  3:21  Probe (Chrono Boost)  
  38  3:33  Gateway  
  38  3:36  Probe (Chrono Boost)  
  38  3:37  Gateway  
  39  3:42  Gateway  
  39  3:46  Adept  
  41  3:51  Probe (Chrono Boost)  
  41  3:53  Probe (Chrono Boost)  
  43  4:00  Assimilator  
  44  4:03  Probe (Chrono Boost)  
  44  4:05  Probe (Chrono Boost)  
  44  4:08  Forge  
  45  4:15  Probe (Chrono Boost)  
  46  4:26  Assimilator  
  46  4:31  Pylon  
  46  4:35  Protoss Ground Weapons Level 1  
  46  4:38  Pylon  
  46  4:41  Pylon  
  46  4:50  Photon Cannon, Probe x2 (Chrono Boost)  
  48  4:53  Pylon  
  48  4:54  Photon Cannon  
  48  5:01  Stalker x2  
  48  5:02  Probe (Chrono Boost)  
  53  5:12  Probe (Chrono Boost)  
  54  5:14  Blink  
  54  5:23  Probe (Chrono Boost)  
  55  5:28  Photon Cannon  
  55  5:30  Photon Cannon  
  55  5:33  Probe (Chrono Boost)  
  55  5:34  Adept x3  
  62  5:40  Dark Shrine  
  62  5:57  Adept x4  
  70  6:12  Protoss Ground Weapons Level 2  
  70  6:16  Nexus  
  70  6:23  Stalker  
  70  6:24  Stalker x2, Pylon  
  76  6:50  Probe (Chrono Boost)  
  76  6:52  Dark Templar x3  
  76  6:53  Dark Templar  
  85  7:09  Photon Cannon  
  85  7:13  Photon Cannon  
  85  7:19  Photon Cannon x2  
  85  7:28  Mothership Core (Chrono Boost)  
  88  7:30  Photon Cannon, Probe (Chrono Boost)  
  88  7:32  Photon Cannon  
  88  7:40  Probe (Chrono Boost)  
  88  7:42  Stalker x3  
  95  7:51  Probe (Chrono Boost)  
  96  7:56  Probe (Chrono Boost)  
  96  7:57  Probe (Chrono Boost)  
  98  8:01  Probe (Chrono Boost)  
  99  8:07  Probe (Chrono Boost)  
  99  8:08  Probe (Chrono Boost)  
  99  8:11  Pylon  
  101  8:25  Probe x2 (Chrono Boost)  
  101  8:30  Probe (Chrono Boost)  
  100  8:35  Probe x2 (Chrono Boost)  
  100  8:38  Stalker x2  
  100  8:39  Stalker x2  
  107  8:43  Probe (Chrono Boost)  
  107  8:44  Gateway  
  107  8:46  Gateway, Probe (Chrono Boost)  
  107  8:47  Gateway  
  108  8:49  Pylon x2  
  108  8:51  Pylon  
  108  8:53  Pylon  
  108  8:55  Photon Cannon  
  108  8:56  Probe (Chrono Boost)  
  109  9:03  Gateway  
  109  9:07  Probe (Chrono Boost)  
  110  9:17  Probe (Chrono Boost)  
  111  9:24  Stalker  
  111  9:25  Stalker x3, Protoss Ground Weapons Level 3  
  111  9:28  Probe (Chrono Boost)  
  120  9:48  Assimilator  
  120  9:50  Stargate  
  120  9:52  Assimilator  
  120  9:53  Stargate  
  120  9:55  Stargate  
  120  10:02  Forge  
  120  10:07  Forge  
  120  10:09  Photon Cannon  
  120  10:11  Stalker x4  
  120  10:12  Stalker x3  
  134  10:17  Pylon  
  134  10:31  Pylon  
  134  10:35  Void Ray x2  
  134  10:36  Void Ray  
  146  10:54  Stalker x5  
  150  11:12  Void Ray x2  
  150  11:13  Void Ray  
  130  11:21  Stalker x2  
  130  11:22  Stalker x2  
  130  11:23  Stalker x2  
  130  11:24  Stalker  
  128  12:03  Stalker  
  128  12:04  Stalker x4  
  128  12:05  Stalker x2  
Tags
 
Add a new tag
Caveats
  • Supply blocks, unpowered buildings, or Contaminate may cause inaccurate times.
  • Supply counts are checked every 10 seconds.